 Dungeon Crawl Stone Soup version 0.21.0-3-g78d12a8bdd (webtiles) character file.

261 Rauder the Ruffian (level 6, -2/45 HPs)
             Began as a Naga Transmuter on Jan 17, 2018.
             Was an Initiate of Hepliaklqana.
             Killed from afar by an orc wizard (5 damage)
             ... with a magic dart
             ... on level 4 of the Dungeon.
             The game lasted 00:22:34 (3181 turns).

Rauder the Ruffian (Naga Transmuter)                Turns: 3181, Time: 00:22:36

Health: -2/45      AC:  3    Str: 14    XL:     6   Next: 18%
Magic:  8/9        EV: 10    Int: 13    God:    Hepliaklqana [......]
Gold:   180        SH:  0    Dex: 12    Spells: 8/9 levels left

rFire    . . .     SeeInvis +     - Unarmed
rCold    + . .     Gourm    .   (no shield)
rNeg     . . .     Faith    +   l - +0 leather armour
rPois    +         Spirit   .   (no helmet)
rElec    .         Reflect  .   (no cloak)
rCorr    .         Harm     .   (no gloves)
MR       .....                  (no barding)
Stlth    ++........             g - amulet of faith
HPRegen  0.15/turn              e - ring of protection from cold
MPRegen  0.11/turn              (no ring)

@: appendage, very slow
A: large, reduced essence, horns 2, see invisible, deformed body, poison
resistance, slowness 2, slow metabolism 1, spit poison 1, AC +2
a: Spit Poison, End Transformation, Recall Ancestor, Ancestor Identity, Renounce
Religion


You were on level 4 of the Dungeon.
You worshipped Hepliaklqana.
Hepliaklqana was noncommittal.
You were hungry.
You had grown temporary horns.
You visited 1 branch of the dungeon, and saw 4 of its levels.

You collected 180 gold pieces.

Inventory:

Missiles
 a - 70 arrows
 u - 18 poisoned needles
Armour
 k - a +0 leather armour
 l - a +0 leather armour (worn)
Jewellery
 e - a ring of protection from cold (left hand)
 g - an amulet of faith (around neck)
 s - an uncursed ring of flight {unknown}
Wands
 f - a wand of digging (10)
Scrolls
 b - a scroll of magic mapping
 h - a scroll of immolation {unknown}
 j - a scroll of amnesia
 m - a scroll of enchant weapon
 n - a scroll of enchant armour
 r - a scroll of remove curse
Potions
 i - 2 potions of agility
 o - a potion of curing {unknown}
 p - a potion of flight {unknown}
 q - a potion of might {unknown}
Books
 c - a book of Changes

   Spells                             Type                      Level
   a - Beastly Appendage              Transmutation                1
   b - Sticks to Snakes               Transmutation                2
   c - Spider Form                    Transmutation/Poison         3
   d - Ice Form                       Ice/Transmutation            4
   e - Blade Hands                    Transmutation                5
Comestibles
 d - 6 rations
 t - 14 chunks of flesh


   Skills:
 + Level 1.3 Fighting
 + Level 2.3 Armour
 + Level 2.1 Dodging
 + Level 3.1 Stealth
 + Level 4.8 Unarmed Combat
 + Level 2.2 Spellcasting
 + Level 2.0 Transmutations


You had 8 spell levels left.
You knew the following spells:

 Your Spells              Type           Power        Failure   Level  Hunger
a - Beastly Appendage     Tmut           #.....       13%         1    ##.....


Dungeon Overview and Level Annotations

Branches:
Dungeon (4/15)
 Temple: D:4-7

Altars:
Ashenzari
Cheibriados
Elyvilon
Hepliaklqana
Makhleb
Zin

Portals:
Sewer: D:4


Innate Abilities, Weirdness & Mutations

You cannot wear boots.
Your serpentine skin is tough. (AC +2)
You have supernaturally acute eyesight. (SInv)
Armour fits poorly on your strangely shaped body.
Your system is resistant to poisons. (rPois)
You cover ground very slowly.
You have a slow metabolism.
You can spit poison.
Your life essence is reduced to manifest your ancestor. (-10% HP)
You have a pair of horns on your head.


Message History

The orc wizard hits you but does no damage.
The orc wizard hits you with a dagger.
* * * LOW HITPOINT WARNING * * *
JoKe hits the orc wizard.
The orc wizard hits you but does no damage.
You closely miss the orc wizard. You headbutt the orc wizard.
The orc wizard is almost dead.
The orc wizard barely misses you.
JoKe barely misses the orc wizard.
The orc wizard casts a spell at you. The magic dart hits you!
* * * LOW HITPOINT WARNING * * *
Okay, then.
Okay, then.
You hit the orc wizard.
The orc wizard is almost dead.
You have got your breath back.
The orc wizard barely misses you.
The orc wizard gestures at you while chanting.
The magic dart hits you!
You die...

****,.#######.# #.#
*,,,,.#≈≈≈≈≈#.# #.#
*,**,.+s≈s≈S#.# #.#
*,**,.#s≈≈SS#.####.#
*,**,.#######...##.#
**,,,,....oo........#
,,,*,*#.?.####)###)##
*,,*,*#*#..* #.##..#
*>*,,* *#.###.o@.##
,,,,** *...##Ro##
,*,** ######..#.##
,,,* #.......#.#
,,****#.#####...#
,****,,,* #..##
,**,,,*** #..#
,,*,*** #.#### ,,,,*
##..).#


You could see the friendly JoKe the ancestor and 2 orc wizards.

Vanquished Creatures
  An ogre (D:3)
  An orc wizard (D:4)
  An adder (D:2)
  An ooze (D:3)
  3 worms
  5 dart slugs
  A leopard gecko (D:2)
  5 orcs
  6 bats
  4 giant cockroaches
  7 goblins
  4 hobgoblins
  3 jackals (D:3)
  6 frilled lizards
  8 kobolds
  3 rats
59 creatures vanquished.

Vanquished Creatures (collateral kills)
  An orc priest (D:4)
  An orc wizard (D:4)
  An orc (D:4)
3 creatures vanquished.

Vanquished Creatures (others)
  An ancestor (D:3)
1 creature vanquished.

Grand Total: 63 creatures vanquished

Notes
Turn   | Place    | Note
-------+----------+-------------------------------------------
     0 | D:1      | Rauder the Naga Transmuter began the quest for the Orb.
     0 | D:1      | Reached XP level 1. HP: 18/18 MP: 3/3
   169 | D:1      | Reached XP level 2. HP: 19/25 MP: 5/5
   760 | D:2      | Reached XP level 3. HP: 10/31 MP: 6/6
  1277 | D:2      | Found a shattered altar of Ashenzari.
  1293 | D:2      | Reached skill level 1 in Armour
  2082 | D:3      | Reached skill level 4 in Unarmed Combat
  2167 | D:3      | Reached XP level 4. HP: 38/38 MP: 7/7
  2248 | D:3      | Found a glowing silver altar of Zin.
  2248 | D:3      | Found a snail-covered altar of Cheibriados.
  2249 | D:3      | Found a white marble altar of Elyvilon.
  2395 | D:3      | Found a burning altar of Makhleb.
  2396 | D:3      | Found a hazy altar of Hepliaklqana.
  2401 | D:3      | Became a worshipper of Hepliaklqana the Forgotten
  2432 | D:3      | Noticed an ogre
  2457 | D:3      | Killed an ogre
  2457 | D:3      | Reached skill level 1 in Stealth
  2457 | D:3      | Reached XP level 5. HP: 24/39 MP: 6/8
  3094 | D:4      | Found a glowing drain.
  3115 | D:4      | Reached XP level 6. HP: 18/45 MP: 9/9
  3181 | D:4      | Killed from afar by an orc wizard

Skill      XL: |  1  2  3  4  5  6 |
---------------+-------------------+-----
Armour         | 1 2 |  2.3
Unarmed Combat | 4 |  4.8
Stealth        | 1 2 3 |  3.1
Dodging        | 2 |  2.1
Fighting       | |  1.3
Spellcasting   | |  2.2
Transmutations | |  2.0

Action                   |  1- 3 |  4- 6 || total
-------------------------+-------+-------++-------
Melee: Unarmed           |   125 |    89 ||   214
       Punch             |     1 |     2 ||     3
       Headbutt          |       |     4 ||     4
 Cast: Beastly Appendage |       |     3 ||     3
Invok: Ancestor Identity |       |     1 ||     1
 Abil: Spit Poison       |    18 |    11 ||    29
  Use: Scroll            |     4 |     3 ||     7
 Stab: Sleeping          |     1 |     2 ||     3
  Eat: Chunk             |     4 |     3 ||     7
Armor: Scale mail        |    22 |       ||    22
       Leather armour    |    15 |    10 ||    25
Dodge: Dodged            |    32 |    42 ||    74
